 Dungeon Crawl Stone Soup version 0.17-a0-977-g4154171 (webtiles) character file.

133 InterDimensionalOwl the Bolt Thrower (level 5, -14/32 HPs)
             Began as a Kobold Hunter on May 10, 2015.
             Killed by divine providence
             ... invoked by an orc priest
              (17 damage)
             ... on level 3 of the Dungeon.
             The game lasted 00:31:59 (4428 turns).

InterDimensionalOwl the Bolt Thrower (KoHu)         Turns: 4428, Time: 00:32:00

Health: -14/32     AC:  4    Str: 11    XL:     5   Next: 39%
Magic:  5/5        EV: 15    Int: 14    God:
Gold:   155        SH:  0    Dex: 17    Spells: 0 memorised, 4 levels left

rFire  + . .     SeeInvis .     a - +0 short sword
rCold  + . .     Clarity  .     d - +0 leather armour
rNeg   . . .     SustAb   .     (shield restricted)
rPois  +         Gourm    +     (no helmet)
rElec  +         Spirit   .     f - +0 cloak
rCorr  +         Warding  .     (no gloves)
rMut   .         Stasis   .     (no boots)
MR     .....                    k - amulet of the gourmand
Stlth  ++........               (no ring)
                                (no ring)

@: brilliant, resistant, not resistant to hostile enchantments, unstealthy
A: carnivore 3
a: no special abilities


You were on level 3 of the Dungeon.
You were not hungry.

You visited 1 branch of the dungeon, and saw 3 of its levels.

You collected 155 gold pieces.

Inventory:

Hand weapons
 a - a +0 short sword (weapon)
 b - a +1 hand crossbow
Missiles
 c - 16 bolts
 i - 122 stones (quivered)
Armour
 d - a +0 leather armour (worn)
 f - a +0 cloak (worn)
Jewellery
 k - an amulet of the gourmand (around neck)
 n - an uncursed ring of magical power {unknown}
 o - an uncursed amulet of resist corrosion {unknown}
 t - a +3 ring of protection {unknown}
 w - a cursed ring of teleportation {unknown}
Magical devices
 s - a wand of random effects (40)
Scrolls
 r - a scroll of fear
 v - a scroll of remove curse {unknown}
Potions
 h - a potion of haste {unknown}
 j - 3 potions of resistance
 l - a potion of curing
 m - a potion of brilliance
 q - a potion of might {unknown}
 u - a potion of magic {unknown}
Comestibles
 e - 2 meat rations
 g - a beef jerky
 p - 2 bread rations
 x - 3 fruits


   Skills:
 + Level 3.3 Fighting
 + Level 5.6 Crossbows
 + Level 2.9 Throwing
 - Level 3.0 Dodging
 + Level 2.7 Stealth


You had 4 spell levels left.
You didn't know any spells.

Dungeon Overview and Level Annotations

Branches:
Dungeon (3/15)

Altars:
Qazlal


Innate Abilities, Weirdness & Mutations

You are small and have problems with some larger weapons.
You are carnivorous and can eat meat at any time.


Message History

You hit the orc priest but do no damage.
The orc priest barely misses you. The orc misses you.
Drink which item? (? for menu, Esc to quit)
It was a potion of curing.
You feel better.
The orc hits you with a whip of electrocution.
* * * LOW HITPOINT WARNING * * *
The orc priest hits you with a club.
* * * LOW HITPOINT WARNING * * *
You closely miss the orc priest. The orc closely misses you.
The orc priest hits you but does no damage.
Drink which item? (? for menu, Esc to quit)
It was a potion of brilliance.
You feel clever all of a sudden. The orc closely misses you.
The orc priest closely misses you.
You hit the orc priest but do no damage.
The orc closely misses you.
The orc priest calls down the wrath of Beogh upon you.
Something smites you!
Ouch! That really hurt!
You die...

# #( #.##
#..####
#.....####(..
#..#.ooo((.#
#.###@######
#.#§...§#
#.#.....######
##...._........
##..#.....#####.
#..)#§...§#
#...###.###
##......#
##...### #


You could see an orc priest and 2 orcs.

Vanquished Creatures
  A gnoll (D:1)
  4 adders
  2 oozes
  A worm (D:3)
  2 ball pythons (D:3)
  4 giant cockroaches
  6 goblins
  10 hobgoblins
  13 jackals
  10 kobolds
  2 quokkas
  6 bats
  2 giant geckos
  5 giant newts
  7 rats
  A plant (D:2)
76 creatures vanquished.

Notes
Turn   | Place    | Note
--------------------------------------------------------------
     0 | D:1      | InterDimensionalOwl, the Kobold Hunter, began the quest for the Orb.
     0 | D:1      | Reached XP level 1. HP: 12/12 MP: 1/1
    80 | D:1      | Reached skill level 5 in Crossbows
   166 | D:1      | Reached XP level 2. HP: 18/18 MP: 2/2
   327 | D:1      | Reached XP level 3. HP: 22/22 MP: 3/3
   870 | D:1      | Reached skill level 1 in Throwing
  1430 | D:1      | Reached XP level 4. HP: 27/27 MP: 4/4
  3464 | D:3      | Reached XP level 5. HP: 28/32 MP: 5/5
  4395 | D:3      | Found a stormy altar of Qazlal.
  4428 | D:3      | Killed from afar by an orc priest

Vault maps used:
D:1:      ncdulo_lavacross
D:2:      first_bread, serial_bayou_lagoon_a
D:3:      gammafunk_temple_overflow_statue, grunt_qazlal_clouds

Action                   |  1- 3 |  4- 6 || total
-------------------------+-------+-------++-------
Melee: Short sword       |    77 |   259 ||   336
 Fire: Hand crossbow     |    37 |       ||    37
Throw: Stone             |    39 |    93 ||   132
  Use: Scroll            |     1 |     3 ||     4
       Potion            |       |     3 ||     3
 Stab: Sleeping          |       |     1 ||     1
  Eat: Chunk             |     5 |     9 ||    14
